 Dungeon Crawl Stone Soup version 0.31.0-32-g396128a36d (webtiles) character file.

Game seed: 17737823084239318134

228 jagang the Slasher (level 6, -1/51 HPs)
             Began as a Human Monk on Mar 21, 2024.
             Slain by a water moccasin (4 damage)
             ... on level 4 of the Dungeon.
             The game lasted 00:05:39 (3388 turns).

jagang the Slasher (Human Monk)                     Turns: 3388, Time: 00:05:40

Health: -1/51      AC: 10    Str: 17    XL:     6   Next: 2%
Magic:  6/6        EV:  8    Int: 11    God:
Gold:   196        SH:  0    Dex: 17    Spells: 5/5 levels left

rFire   . . .        h - +2 dagger (venom)
rCold   . . .        d - orb {light}
rNeg    . . .        n - +0 chain mail
rPois   .            l - +0 helmet
rElec   .            (no cloak)
rCorr   .            (no gloves)
SInv    .            t - +0 pair of boots
Will    .....        (no amulet) Stlth
                     g - +6 ring of strength
HPRegen 0.28/turn    f - ring of flight
MPRegen 0.10/turn

%: no passive effects
@: confused, lethally poisoned (-1 -> -3), ambrosia-drunk, flying, glowing
A: explore regen
a: no special abilities


You were on level 4 of the Dungeon.
You visited 1 branch of the dungeon, and saw 5 of its levels.

You collected 196 gold pieces.

Inventory:

Hand Weapons
 h - a +2 dagger of venom (weapon)
 q - a +0 long sword
Missiles
 e - 3 poisoned darts (quivered)
Armour
 d - an orb of light (worn)
 l - a +0 helmet (worn)
 n - a +0 chain mail (worn)
 t - a +0 pair of boots (worn)
Jewellery
 f - a ring of flight (right hand)
 g - a +6 ring of strength (left hand)
 v - a ring of see invisible
 x - a +6 ring of strength
Wands
 i - a wand of roots (12)
Scrolls
 a - a scroll of silence
 j - 4 scrolls of teleportation
 k - 2 scrolls of revelation
 s - a scroll of enchant weapon
 y - a scroll of immolation {unknown}
Potions
 m - a potion of cancellation {unknown}
 o - a potion of heal wounds {unknown}
 p - 2 potions of mutation {unknown}
 r - a potion of haste {unknown}
 u - a potion of brilliance {unknown}
 w - a potion of attraction {unknown}


   Skills:
 + Level 5.0 Fighting
 + Level 5.0 Long Blades
 - Level 3.0 Dodging


You had 5 spell levels left.
You didn't know any spells.
Your spell library contained the following spells:

 Spells                   Type           Power      Damage    Failure   Level
 Apportation              Tloc           0%         N/A       99%         1
 Jinxbite                 Hex            0%         N/A       100%        2
 Alistair's Intoxication  Alch           0%         N/A       100%        5


Dungeon Overview and Level Annotations

Branches:
Dungeon (5/15)
 Temple: D:4-7

Altars:
Qazlal

Shops:
D:4 *


Innate Abilities, Weirdness & Mutations

You regain HP and MP as you explore.


Message History

The water moccasin poisons you! The water moccasin barely misses you.
You feel better.
The gnoll bouda gazes fiercely through you!
You feel your attacks grow feeble. The water moccasin closely misses you.
You closely miss the water moccasin.
The water moccasin is heavily wounded.
The water moccasin closely misses you.
You hit the water moccasin.
The water moccasin is severely wounded.
The water moccasin barely misses you.
You hit the water moccasin.
The water moccasin is severely wounded.
The water moccasin bites you!
* * * LOW HITPOINT WARNING * * *
You are lethally poisoned!
The water moccasin poisons you! The water moccasin bites you.
* * * LOW HITPOINT WARNING * * *
You are confused.
You feel invigorated.
* * * LOW HITPOINT WARNING * * *
You feel very sick. The water moccasin bites you.
* * * LOW HITPOINT WARNING * * *
* * * LOW HITPOINT WARNING * * *
You feel sick. The water moccasin barely misses you.
You feel sick.
The water moccasin closely misses you. x2
You hit the water moccasin but do no damage.
The water moccasin is almost dead.
Your attacks no longer feel as feeble.
You feel sick.
The water moccasin bites you but does no damage.
You feel sick. The water moccasin bites you.
* * * LOW HITPOINT WARNING * * *
You hit the water moccasin.
The water moccasin is almost dead.
You feel sick. The water moccasin bites you!
* * * LOW HITPOINT WARNING * * *
The water moccasin bites you.
You die...

.....# #.# ### ####.#
#.# #.. ####'########
#.# #.. #...........#
#.# #.. #...........#
#.# #.. #...........#
#.# ############..
#...........#
#.###.............
#...........#
#.#...##########..
#...........#
#@Sg..............
#...........#
###.#############.
.......###### ##g..#
#. .......# ####..####
#########. ....)).#
#.)......####.......#.
.......#
#>.............####.#.
.......#
#).......##.#..# #.#.
.......#
#........##.#..# #.#.
.......#
#........##.#..# #.#.


You could see a water moccasin (poisoned) and a gnoll bouda.

Vanquished Creatures
  8 gnolls
  6 adders
  2 dart slugs
  A ribbon worm (D:2)
  4 orcs (D:3)
  4 bats
  9 endoplasms
  6 giant cockroaches
  15 goblins
  9 hobgoblins
  A jackal (D:4)
  5 kobolds
  2 quokkas
  7 ball pythons
  5 frilled lizards
  3 rats
87 creatures vanquished.

Notes
Turn   | Place    | Note
-------+----------+-------------------------------------------
     0 | D:1      | jagang the Human Monk began the quest for the Orb.
     0 | D:1      | Reached XP level 1. HP: 18/18 MP: 1/1
   172 | D:1      | Reached XP level 2. HP: 23/23 MP: 2/2
   216 | D:1      | Found a faded altar of an unknown god.
   705 | D:2      | Reached XP level 3. HP: 12/30 MP: 3/3
   966 | D:2      | Reached XP level 4. HP: 37/37 MP: 4/4
  1770 | D:3      | Reached XP level 5. HP: 40/43 MP: 5/5
  1911 | D:3      | Found a stormy altar of Qazlal.
  2580 | D:4      | Found Nacoklex's Assorted Antiques.
  3104 | D:5      | Entered Level 5 of the Dungeon
  3256 | D:5      | Noticed a water moccasin
  3263 | D:4      | Reached skill level 5 in Fighting
  3263 | D:4      | Reached skill level 5 in Long Blades
  3268 | D:4      | Reached XP level 6. HP: 26/51 MP: 6/6
  3388 | D:4      | Slain by a water moccasin

Illustrated notes

Levels and vault maps discovered:
D:1:      dpeg_arrival_arbitrary_c, layout_rooms,
          nicolae_ecumenical_snake_handling
D:2:      layout_loops_ring, nicolae_grassy_gnolls
D:3:      layout_basic, nicolae_qazlal_eye_of_the_storm
D:4:      kennysheep_the_goblin_king, layout_basic, serial_shops,
          nicolae_stop_n_shop_2, st_stairs_3
D:5:      layout_cave_pools, uniq_edmund

Skill      XL: |  1  2  3  4  5 |
---------------+----------------+-----
Fighting       | 4 5 |  5.0
Long Blades    | 4 5 |  5.0
Dodging        | |  3.0

Action                     |  1- 3 |  4- 6 || total
---------------------------+-------+-------++-------
  Melee: Falchion          |    13 |       ||    13
         Dagger            |    59 |   170 ||   229
  Throw: Dart              |       |     4 ||     4
    Use: Scroll            |       |     4 ||     4
         Potion            |       |     3 ||     3
 Armour: Robe              |    12 |       ||    12
         Scale mail        |    20 |    22 ||    42
         Chain mail        |       |   119 ||   119
         Skin              |       |     1 ||     1
  Dodge: Dodged            |    37 |    94 ||   131
